 Dungeon Crawl Stone Soup version 0.18-a0-1378-g7babcad (webtiles) character file.

1703105 mco the Impregnable (level 26, 249/250 HPs)
             Began as a Minotaur Fighter on Feb 21, 2016.
             Was the Champion of Okawaru.
             Escaped with the Orb
             ... and 3 runes on Feb 22, 2016!
             The game lasted 04:12:00 (67020 turns).

mco the Impregnable (Minotaur Fighter)             Turns: 67020, Time: 04:12:00

Health: 249/250    AC: 39    Str: 30    XL:     26   Next: 56%
Magic:  32/32      EV: 38    Int:  8    God:    Okawaru [******]
Gold:   3058       SH:  5    Dex: 22    Spells: 2 memorised, 26 levels left

rFire  + + +     SeeInvis .     r - +8 triple sword of Chance {slice, rF+ Int+2}
rCold  + + .     Gourm    .     k - +6 scale mail of Wonder {rF++ rC++ Int-5}
rNeg   + . .     Faith    .     (shield currently unavailable)
rPois  +         Spirit   .     b - +2 hat {MR+}
rElec  +         Dismiss  .     A - +2 cloak "Ykluf" {rPois}
rCorr  .         Reflect  +     o - +2 pair of gloves {Str+3}
SustAt .         Harm     .     U - +2 pair of boots of Lifelessness {rElec Int+7 Dex+4}
MR     ++++.     Clarity  +     Y - +5 amulet of reflection
Stlth  +.........               z - ring "Joagh" {rElec rPois MR+ Stlth-}
                                s - ring of the Octopus King {rN+ AC+1 EV+1 Str+1 Int+1 Dex+1}

@: heroism, incredibly resistant to hostile enchantments, very unstealthy
A: retaliatory headbutt, horns 2, repulsion field 1, yellow scales 1, berserk 1,
blurry vision 1, clarity, clumsy 1, dopey 1, fire resistance 1, magic resistance
1, shaggy fur 2, slow regeneration 1, strong 1, wild magic 1
a: Heroism, Finesse, Renounce Religion
0: Orb of Zot
}: 3/15 runes: serpentine, barnacled, silver


You escaped.
You worshipped Okawaru.
Okawaru was exalted by your worship.
You were not hungry.

You visited 9 branches of the dungeon, and saw 50 of its levels.
You visited 1 bazaar.
You also visited: Wizlab.

You collected 7356 gold pieces.
You spent 4298 gold pieces at shops.

Inventory:

Hand Weapons
 r - the +8 triple sword of Chance (weapon) {slice, rF+ Int+2}
   (Okawaru gifted it to you in a wizard's laboratory)

   It inflicts extra damage upon your enemies.
   It affects your intelligence (+2).
   It protects you from fire.
Armour
 b - a +2 hat of magic resistance (worn)
 k - the +6 scale mail of Wonder (worn) {rF++ rC++ Int-5}
   (You found it on level 2 of the Elven Halls)

   It affects your intelligence (-5).
   It greatly protects you from fire.
   It greatly protects you from cold.
 o - a +2 pair of gloves of strength (worn)
 A - the +2 cloak "Ykluf" (worn) {rPois}
   (You found it on level 2 of the Depths)

   It protects you from poison.
 U - the +2 pair of boots of Lifelessness (worn) {rElec Int+7 Dex+4}
   (Okawaru gifted it to you on level 15 of the Dungeon)

   It affects your intelligence (+7).
   It affects your dexterity (+4).
   It insulates you from electricity.
Jewellery
 s - a ring of the Octopus King (left hand) {rN+ AC+1 EV+1 Str+1 Int+1 Dex+1}
   (You found it on level 5 of the Vaults)

   [ring of positive energy]

   It affects your AC (+1).
   It affects your evasion (+1).
   It affects your strength (+1).
   It affects your intelligence (+1).
   It affects your dexterity (+1).
   It protects you from negative energy.
 z - the ring "Joagh" (right hand) {rElec rPois MR+ Stlth-}
   (You took it off a vault warden on level 5 of the Vaults)

   [ring of loudness]

   It insulates you from electricity.
   It protects you from poison.
   It affects your resistance to hostile enchantments.
   It makes you less stealthy.
 P - an uncursed ring of resist corrosion
 V - an uncursed ring of see invisible
 Y - a +5 amulet of reflection (around neck)
 Z - an uncursed ring of sustain attributes
Wands
 j - a wand of digging (8/24)
 q - a wand of teleportation (4/9)
 v - a wand of hasting (4/9)
 y - a wand of hasting (4/9)
 C - a wand of teleportation (6/9)
 T - a wand of digging (9/24)
 W - a wand of disintegration (12/24)
Scrolls
 a - 12 scrolls of recharging
 g - 6 scrolls of blinking
 i - 2 scrolls of magic mapping
 p - 5 scrolls of fog
 t - 11 scrolls of teleportation
 u - 12 scrolls of fear
 x - a scroll of enchant armour
 B - 14 scrolls of identify
 D - 20 scrolls of remove curse
 N - a scroll of silence
 Q - 6 scrolls of summoning
Potions
 c - 6 potions of flight
 d - 12 potions of might
 e - 7 potions of haste
 l - 6 potions of ambrosia
 m - 4 potions of invisibility
 w - 3 potions of cancellation
 F - 10 potions of brilliance
 G - 5 potions of resistance
 H - 29 potions of curing
 I - 8 potions of agility
 J - 6 potions of heal wounds
 M - 7 potions of berserk rage
 S - a potion of cure mutation
Comestibles
 f - 29 bread rations
 h - 21 slices of pizza
 n - 30 beef jerkies
 E - 16 meat rations
 R - 51 fruits


   Skills:
 - Level 23.0(27) Fighting
 - Level 24.4(27) Long Blades
 - Level 25.1(27) Armour
 - Level 23.0(27) Dodging
   Level 3.6(8.6) Shields
 - Level 3.3 Spellcasting
 + Level 10.1 Charms
 + Level 10.3 Necromancy
 - Level 14.2 Invocations
 - Level 9.0 Evocations


You had 26 spell levels left.
You knew the following spells:

 Your Spells              Type           Power        Failure   Level  Hunger
a - Regeneration          Chrm/Necr      ####......   5%          3    ####...
b - Song of Slaying       Chrm           ####....     4%          2    ###....


Dungeon Overview and Level Annotations

Branches:
Dungeon (15/15)            Temple (0/1) D:5            Lair (8/8) D:10
 Shoals (4/4) Lair:5        Snake (4/4) Lair:5        Slime (0/6) Lair:6
    Orc (2/2) D:10            Elf (2/3) Orc:2        Vaults (5/5) D:13
  Crypt (0/3) Vaults:3     Depths (5/5) D:15            Zot (5/5) Depths:5

Altars:
Ashenzari
Dithmenos
Elyvilon
Fedhas
Gozag
Kikubaaqudgha
Makhleb
Okawaru
Pakellas
Qazlal
Ru
Trog
Vehumet
Xom
Zin
The Shining One
Beogh

Shops:
D:8 [   Orc:2 (}[?   Snake:1 *   Vaults:3 *   Vaults:5 [   Depths:2 *

Portals:
Hell: Depths:1 Depths:2 Depths:3 Depths:4 Depths:5
Abyss: Depths:4
Pandemonium: Depths:3
Ziggurat: Depths:5

Annotations:
D:4 1 exclusion
D:10 Banto's ghost, journeyman TrAM
Elf:2 4 runed doors
Depths:1 3 runed doors


Innate Abilities, Weirdness & Mutations

You reflexively headbutt those who attack you in melee.
You have a pair of horns on your head.
You are surrounded by a mild repulsion field (EV +2).
You are partially covered in yellow scales (AC +2).
You tend to lose your temper in combat.
Scrolls take you a little longer to read.
You possess an exceptional clarity of mind.
You are clumsy. (Dex -2)
You are dopey. (Int -2)
Your flesh is heat resistant.
You are resistant to hostile enchantments.
You are covered in thick fur (AC +2).
You regenerate slowly when monsters are visible.
Your muscles are strong. (Str +2)
Your spells are a little harder to cast, but a little more powerful.


Message History

The sun demon is severely wounded.
The sun demon completely misses you.
You slice the sun demon!!
You kill the sun demon!
Okawaru accepts your kill.
Casting: Regeneration
Confirm with . or Enter, or press ? or * to list all spells.
Okay, then.
Evoke which item? (* to show all) (? for menu, Esc to quit)
Zapping:
j - a wand of digging (10/24)
Press: ? - help, Shift-Dir - straight line The rock shatters into small pieces.
This wand has 9 charges left.
You hear a grinding noise.
Evoke which item? (* to show all) (? for menu, Esc to quit)
Zapping:
j - a wand of digging (9/24)
Press: ? - help, Shift-Dir - straight line The rock shatters into small pieces.
This wand has 8 charges left.
There is a staircase leading out of the dungeon here.
You can't go down here!
You have escaped!

#.###.#.....#
#.....#.#.#... #.#
#.#.....#####
#.....#.#.#... #.#
#.#######...##
##.##.#.#.#... #.# #.#
##..###.##
#.##.#.#.#... #.###.#
##.######.#
##.#.....##.. ......#
#.###..#..##
#.#..)####..
......###.##.##..#.#
#.#..#####..
......##.##.####.#.#
#.#.........
......##.##.# #@#.#
#.#..#####..
....#.##.#.## #.#.#
#.#..# #..
...[...#.#.# ##..##
#.#..# #..
.......#.#.# #..(#
##.#..# #..
.......#.#.## #..##
#.##..# ##..
.......#.##.# #.##
#.##### #...
.......##.#.###.# ##.#
#.## .......##.##.##.#
##.## #...
.......###.##...###.##
#..#


There were no monsters in sight!

Vanquished Creatures
  5 ancient liches
  3 orbs of fire (Zot:5)
  3 juggernauts
  Boris (Vaults:5)
  3 pandemonium lords
  An iron giant (Depths:3)
  Frederick (Vaults:5)
  A caustic shrike (Depths:3)
  A Killer Klown (Zot:5)
  16 tentacled monstrosities
  4 golden dragons
  Nikola (Vaults:2)
  2 electric golems
  5 liches
  4 titans
  25 Orb Guardians
  Asterion (Elf:1)
  A quicksilver dragon (Depths:3)
  An eldritch tentacle (Vaults:4)
  An Executioner (D:1)
  A quicksilver dragon (shapeshifter) (Vaults:5)
  3 krakens
  Gastronok (D:9)
  Frances (D:13)
  3 death cobs (Zot:5)
  5 sphinxes
  Kirke (Shoals:4)
  9 tengu reavers
  A draconian monk (Depths:5)
  Agnes (Snake:4)
  Ilsuiw (Shoals:4)
  5 shadow dragons
  9 greater nagas
  13 storm dragons
  Maud (Lair:4)
  A deep elf sorcerer (Vaults:5)
  11 fire giants
  10 frost giants
  12 vault wardens
  An iron dragon (Depths:3)
  2 orc warlords
  Aizul (Snake:4)
  A cacodemon (Zot:2)
  A ghoul (Vaults:3)
  2 draconian shifters (Zot:1)
  21 very ugly things
  9 ironheart preservers
  3 draconian callers
  25 stone giants
  6 war gargoyles (Vaults:5)
  4 salamander stormcallers
  4 vampire knights
  A deep elf demonologist (Vaults:5)
  4 spark wasps
  A lorocyproca (Depths:1)
  2 white draconians
  2 black draconians
  3 red draconians
  3 deep elf annihilators
  2 purple draconians
  Snorg (D:13)
  3 mottled draconians
  3 yellow draconians
  24 ettins
  18 fire dragons
  10 merfolk javelineers
  28 vault guards
  14 yaktaur captains
  5 deep elf high priests
  A fire dragon (shapeshifter) (Vaults:2)
  6 great orbs of eyes
  10 merfolk impalers
  4 deep elf death magi
  8 hydras
  5 entropy weavers
  A hell beast (Depths:2)
  16 ice dragons
  11 naga warriors
  3 rakshasas (Depths:3)
  10 anacondas
  Erolcha (Orc:2)
  3 spriggan air magi (Depths:3)
  3 alligator snapping turtles (Shoals:4)
  3 death knights
  2 catoblepae (D:15)
  15 ogre magi
  2 satyrs
  4 merfolk avatars
  7 merfolk aquamancers
  13 dancing weapons
  11 centaur warriors
  3 death yaks (Lair:8)
  6 tengu warriors
  16 deep troll shamans
  10 deep troll earth magi
  5 vampire magi
  12 shock serpents
  Sonja (D:10)
  3 soul eaters
  4 spriggan berserkers
  12 naga sharpshooters
  An orc high priest (Orc:2)
  3 salamander mystics
  A sun demon (D:1)
  Nergalle (Orc:2)
  An iron golem (WizLab)
  10 deep elf knights
  8 iron trolls
  3 fire crabs
  38 deep trolls
  7 hell knights
  2 unseen horrors (shapeshifter)
  6 skeletal warriors
  2 unseen horrors
  7 giant orange brains
  2 naga ritualists
  4 flayed ghosts
  3 wizards
  A shambling mangrove (Lair:6)
  17 sea snakes
  5 necromancers
  A putrid demonspawn (Zot:5)
  14 deep elf archers
  16 orc knights
  2 shadow dragon zombies
  14 ironbrand convokers
  5 hill giants
  26 harpies
  A harpy (shapeshifter) (WizLab)
  4 phantasmal warriors
  15 salamanders
  A wolf spider zombie (D:13)
  54 deep elf magi
  5 oklob plants
  3 mana vipers (shapeshifter)
  7 mana vipers
  A stone giant zombie (Vaults:3)
  7 hornets
  47 ugly things
  12 orc sorcerers
  2 fire giant zombies
  4 wolf spiders
  17 griffons
  7 manticores
  A faun (shapeshifter) (Vaults:5)
  2 orb spiders (shapeshifter)
  8 fauns
  8 cyclopes
  9 sirens
  5 water nymphs
  Maurice (D:9)
  8 moths of wrath
  17 vault sentinels
  An ice statue (Lair:8)
  11 guardian serpents
  36 black mambas
  2 octopodes (shapeshifter)
  A rust devil (Zot:5)
  A frost giant skeleton (Depths:1)
  A black mamba (shapeshifter) (WizLab)
  A storm dragon simulacrum (Vaults:2)
  19 naga magi
  2 gargoyles
  2 spiny frogs (shapeshifter)
  A guardian serpent (shapeshifter) (WizLab)
  3 torpor snails
  11 spiny frogs
  3 orange demons
  4 kobold demonologists
  A komodo dragon (shapeshifter) (WizLab)
  A fire drake (shapeshifter) (WizLab)
  43 yaktaurs
  6 freezing wraiths
  A fire drake (Lair:6)
  A spriggan zombie (D:15)
  A tormentor (Depths:3)
  6 komodo dragons
  A hellwing (Depths:1)
  2 ice devils
  An entropy weaver zombie (D:15)
  A red devil (D:1)
  3 tengu conjurers
  A guardian mummy (D:15)
  3 jumping spiders (shapeshifter)
  4 trolls (shapeshifter) (WizLab)
  17 polar bears
  11 trolls
  A wind drake (shapeshifter) (WizLab)
  A two-headed ogre (shapeshifter) (Vaults:3)
  A jumping spider (Vaults:5)
  24 merfolk
  28 two-headed ogres
  16 blink frogs
  4 queen bees (shapeshifter)
  A shadow dragon simulacrum (Vaults:3)
  4 wind drakes
  A raiju (shapeshifter) (D:13)
  34 slime creatures
  11 snapping turtles
  A fire dragon zombie (D:15)
  7 boulder beetles
  Grinder (D:5)
  A raiju (Lair:8)
  7 large abominations (WizLab)
  A snapping turtle (shapeshifter) (Depths:5)
  2 spriggans (shapeshifter)
  3 air elementals (Elf:2)
  2 tarantellas (shapeshifter)
  23 water elementals
  6 redbacks
  7 wraiths
  2 hogs (shapeshifter)
  40 yaks
  A shadow (Vaults:3)
  3 vampires
  A human (D:8)
  Grum (D:8)
  4 basilisks
  4 wyverns
  A yak (shapeshifter) (WizLab)
  4 hungry ghosts
  A golden eye (shapeshifter) (Vaults:4)
  2 basilisks (shapeshifter)
  2 hippogriffs (shapeshifter)
  11 hippogriffs
  2 humans (shapeshifter) (WizLab)
  6 fire elementals
  32 wolves
  47 nagas
  21 vampire mosquitoes
  A swamp worm (shapeshifter) (Vaults:5)
  A warg (shapeshifter) (Vaults:5)
  14 wargs
  2 mottled dragons
  A soldier ant (shapeshifter) (Vaults:3)
  28 water moccasins
  A soldier ant (D:13)
  8 porcupines
  6 hell hounds
  A swamp drake (shapeshifter) (Vaults:5)
  10 ice beasts
  13 black bears
  46 orc warriors
  2 phantoms
  An eye of draining (shapeshifter) (WizLab)
  2 eyes of draining
  61 ogres
  2 necrophages
  5 sky beasts
  9 wasps
  4 boggarts
  20 centaurs
  An elf skeleton (Vaults:3)
  19 crocodiles
  6 big kobolds
  6 small abominations (WizLab)
  18 giant frogs
  Blork the orc (D:5)
  A gnoll sergeant (D:8)
  A wyvern skeleton (D:14)
  4 scorpions
  16 killer bees
  A tengu skeleton (Depths:1)
  9 wights
  3 electric eels
  5 centaur zombies
  2 giant frog zombies
  3 quasits
  5 crimson imps
  22 hounds
  An iron imp (Depths:3)
  29 orc priests
  43 orc wizards
  3 centaur skeletons
  12 jellies
  5 giant frog skeletons
  18 iguanas
  14 worker ants
  29 sheep
  A hound skeleton (D:8)
  A worker ant zombie (D:7)
  13 gnolls
  19 adders
  38 river rats
  A hound simulacrum (D:10)
  2 shadow imps
  8 white imps
  4 giant eyeballs (WizLab)
  14 oozes
  2 ufetubi
  2 adder skeletons
  4 worms
  9 giant geckos
  129 orcs
  15 bats
  8 giant cockroaches
  16 goblins
  18 hobgoblins
  10 jackals
  3 quokkas
  2 ball pythons
  A giant gecko skeleton (D:6)
  6 giant newts
  44 kobolds
  10 rats
  2 fungi
  2 plants (Lair:8)
  11 tentacles
2515 creatures vanquished.

Vanquished Creatures (others)
  3 eldritch tentacles
  A deep elf high priest (Vaults:5)
  An ogre mage (Vaults:2)
  A naga sharpshooter (Snake:4)
  A deep elf archer (Elf:1)
  A moth of wrath (Zot:5)
  3 two-headed ogres (Vaults:2)
  A redback (Vaults:5)
  4 humans (Shoals:4)
  2 nagas (Snake:4)
  A boggart (Depths:4)
  An ogre (Vaults:2)
  3 orcs
  279 eldritch tentacle segments
  53 fungi
  21 plants
  16 tentacles
  1192 tentacle segments
1584 creatures vanquished.

Grand Total: 4099 creatures vanquished

Notes
Turn   | Place    | Note
--------------------------------------------------------------
     0 | D:1      | mco the Minotaur Fighter began the quest for the Orb.
     0 | D:1      | Reached XP level 1. HP: 19/19 MP: 0/0
   634 | D:1      | Reached XP level 2. HP: 26/26 MP: 1/1
   982 | D:2      | Reached skill level 4 in Long Blades
  1082 | D:2      | Reached XP level 3. HP: 31/31 MP: 2/2
  1468 | D:2      | Reached skill level 5 in Long Blades
  1495 | D:2      | Found an iron altar of Okawaru.
  1499 | D:2      | Reached XP level 4. HP: 25/39 MP: 3/3
  1636 | D:2      | Became a worshipper of Warmaster Okawaru
  2308 | D:3      | Reached skill level 6 in Long Blades
  2315 | D:3      | Reached XP level 5. HP: 38/45 MP: 4/4
  2577 | D:3      | Found a sacrificial altar of Ru.
  2744 | D:2      | Reached skill level 7 in Long Blades
  3023 | D:4      | Reached XP level 6. HP: 26/51 MP: 5/5
  3441 | D:4      | Reached skill level 8 in Long Blades
  3676 | D:4      | Found a glowing silver altar of Zin.
  3692 | D:4      | Found a bloodstained altar of Trog.
  3725 | D:4      | Found a glowing golden altar of the Shining One.
  3725 | D:4      | Found a shadowy altar of Dithmenos.
  3725 | D:4      | Found a shattered altar of Ashenzari.
  3725 | D:4      | Found a stormy altar of Qazlal.
  3725 | D:4      | Found an ancient bone altar of Kikubaaqudgha.
  3726 | D:4      | Found an oddly glowing altar of Pakellas.
  3730 | D:4      | Found an opulent altar of Gozag.
  3773 | D:4      | Reached * piety under Okawaru
  3873 | D:5      | Entered Level 5 of the Dungeon
  3940 | D:5      | Reached skill level 5 in Fighting
  3940 | D:5      | Reached skill level 1 in Invocations
  3940 | D:5      | Reached XP level 7. HP: 55/61 MP: 6/6
  3985 | D:5      | Noticed Blork the orc
  4003 | D:5      | Killed Blork the orc
  4003 | D:5      | Reached skill level 1 in Dodging
  4524 | D:5      | Reached ** piety under Okawaru
  4547 | D:5      | Reached XP level 8. HP: 46/72 MP: 8/8
  5108 | D:5      | Noticed Grinder
  5113 | D:5      | Killed Grinder
  5146 | D:5      | Reached skill level 5 in Dodging
  5252 | D:5      | Found a burning altar of Makhleb.
  5252 | D:5      | Noticed an Executioner
  5256 | D:5      | Noticed a hellwing
  5256 | D:5      | Noticed a hellwing
  5270 | D:5      | Found a staircase to the Ecumenical Temple.
  5631 | D:6      | Found a blossoming altar of Fedhas.
  5839 | D:6      | Reached skill level 9 in Long Blades
  6136 | D:6      | Reached skill level 10 in Long Blades
  6625 | D:7      | Reached XP level 9. HP: 68/81 MP: 9/9
  6799 | D:7      | Reached *** piety under Okawaru
  7220 | D:7      | Reached skill level 10 in Fighting
  7542 | D:8      | Noticed Grum
  7559 | D:7      | Reached skill level 11 in Fighting
  7793 | D:8      | Reached **** piety under Okawaru
  7796 | D:8      | Found a sacrificial altar of Ru.
  8181 | D:8      | Killed Grum
  8181 | D:8      | Reached XP level 10. HP: 90/95 MP: 10/10
  8201 | D:8      | Found Ruipy's Armour Emporium.
  8526 | D:9      | Noticed Gastronok
  8537 | D:9      | Killed Gastronok
  8537 | D:9      | Reached ***** piety under Okawaru
  8537 | D:9      | Reached skill level 13 in Long Blades
  8729 | D:9      | Reached skill level 14 in Long Blades
  8854 | D:9      | Reached ****** piety under Okawaru
  8854 | D:9      | Received a gift from Okawaru
  9539 | D:9      | Noticed a hill giant
  9547 | D:9      | Killed a hill giant
  9565 | D:9      | Noticed Maurice
  9573 | D:9      | Killed Maurice
  9573 | D:9      | Reached XP level 11. HP: 85/101 MP: 11/11
  9729 | D:10     | Entered Level 10 of the Dungeon
 10037 | D:10     | Found an ancient bone altar of Kikubaaqudgha.
 10562 | D:10     | Found a staircase to the Orcish Mines.
 10760 | D:10     | Reached skill level 10 in Dodging
 10969 | D:10     | Reached skill level 5 in Armour
 10988 | D:10     | Noticed Banto's ghost (journeyman TrAM)
 11067 | D:10     | Noticed Sonja
 11248 | D:10     | Found a staircase to the Lair.
 11494 | D:11     | Noticed a hill giant
 11503 | D:11     | Killed a hill giant
 12283 | D:11     | Noticed a hill giant
 12291 | D:11     | Killed a hill giant
 12426 | D:11     | Noticed an eight-headed hydra
 12461 | D:10     | Received a gift from Okawaru
 12649 | D:10     | Reached skill level 5 in Invocations
 12893 | D:10     | Killed Sonja
 13561 | Orc:1    | Entered Level 1 of the Orcish Mines
 13830 | Orc:1    | Reached XP level 12. HP: 107/110 MP: 15/15
 14836 | Lair:1   | Entered Level 1 of the Lair of Beasts
 15205 | Lair:1   | Received a gift from Okawaru
 15215 | Lair:1   | Reached skill level 10 in Armour
 16325 | Lair:2   | Reached skill level 15 in Long Blades
 16937 | Lair:3   | Found a shimmering altar of Xom.
 17046 | Lair:3   | Noticed a six-headed hydra
 17055 | Lair:3   | Killed a six-headed hydra
 17946 | Lair:4   | Noticed a six-headed hydra
 17964 | Lair:4   | Killed a six-headed hydra
 17964 | Lair:4   | Reached skill level 16 in Long Blades
 18053 | Lair:4   | Reached XP level 13. HP: 113/116 MP: 18/18
 18054 | Lair:4   | Received a gift from Okawaru
 18345 | Lair:4   | Noticed Maud
 18360 | Lair:4   | Killed Maud
 18414 | Lair:4   | Got a shimmering ring mail
 18425 | Lair:4   | Identified the +3 ring mail "Dioqiz" {rN+ MR+ rCorr Dex+2} (You found it on level 4 of the Lair of Beasts)
 18766 | Lair:5   | Found a staircase to the Shoals.
 19345 | Lair:5   | Found a staircase to the Snake Pit.
 20381 | Lair:6   | Received a gift from Okawaru
 20387 | Lair:6   | Got a translucent cloak {god gift}
 20398 | Lair:6   | Identified the +0 cloak of the Lily {rF++} (Okawaru gifted it to you on level 6 of the Lair of Beasts)
 20400 | Lair:6   | Found a staircase to the Slime Pits.
 20416 | Lair:6   | Reached skill level 17 in Long Blades
 22277 | Lair:7   | Reached skill level 18 in Long Blades
 22313 | Lair:7   | Reached XP level 14. HP: 124/126 MP: 19/19
 22418 | Lair:7   | Got a dazzling scale mail
 22429 | Lair:7   | Identified the cursed +1 scale mail of the Little Devil {+Fly} (You found it on level 7 of the Lair of Beasts)
 22615 | Lair:8   | Entered Level 8 of the Lair of Beasts
 23626 | Lair:8   | Received a gift from Okawaru
 24267 | Lair:8   | Received a gift from Okawaru
 25087 | Lair:2   | Upgraded the game from 0.18-a0-1370-gc45fe74 to 0.18-a0-1378-g7babcad
 25788 | D:12     | Found a white marble altar of Elyvilon.
 25998 | D:12     | Reached skill level 15 in Armour
 26644 | D:13     | Received a gift from Okawaru
 26644 | D:13     | Reached XP level 15. HP: 138/138 MP: 20/20
 26651 | D:13     | Noticed Snorg
 26652 | D:13     | Got a faintly glowing chain mail {god gift}
 26658 | D:13     | Killed Snorg
 26674 | D:13     | Found a gate to the Vaults.
 26698 | D:13     | Identified the +1 chain mail "Mykluj" {*Confuse rC+++ SInv} (Okawaru gifted it to you on level 13 of the Dungeon)
 27001 | D:13     | Noticed Frances
 27014 | D:13     | Killed Frances
 27292 | D:13     | Got a crude long sword
 27298 | D:13     | Identified the +11 long sword of Gozag's Delight {slice, +Rage MR+} (You found it on level 13 of the Dungeon)
 27986 | D:14     | Reached skill level 19 in Armour
 28562 | D:15     | Entered Level 15 of the Dungeon
 28676 | D:15     | Received a gift from Okawaru
 28679 | D:15     | Got a pair of blackened boots {god gift}
 28680 | D:15     | Identified the +2 pair of boots of Lifelessness {rElec Int+7 Dex+4} (Okawaru gifted it to you on level 15 of the Dungeon)
 28925 | D:15     | Reached skill level 20 in Armour
 28982 | D:15     | Found a staircase to the Depths.
 30077 | Orc:2    | Entered Level 2 of the Orcish Mines
 30106 | Orc:2    | Reached skill level 1 in Evocations
 30240 | Orc:2    | Found a staircase to the Elven Halls.
 30364 | Orc:2    | Found Gugeraq's Antique Armour Shoppe.
 30410 | Orc:2    | Found a radiant altar of Vehumet.
 30411 | Orc:2    | Noticed Erolcha
 30424 | Orc:2    | Killed Erolcha
 30475 | Orc:2    | Noticed Nergalle
 30488 | Orc:2    | Killed Nergalle
 30489 | Orc:2    | Found an ancient bone altar of Kikubaaqudgha.
 30551 | Orc:2    | Found a roughly hewn altar of Beogh.
 30551 | Orc:2    | Found Zyukhax's Antique Weapon Shoppe.
 30562 | Orc:2    | Reached XP level 16. HP: 97/146 MP: 21/21
 30570 | Orc:2    | Found Ovopor's Gadget Emporium.
 30584 | Orc:2    | Found Azeajeh's Magic Scroll Emporium.
 30597 | Orc:2    | Bought a scroll of teleportation for 42 gold pieces
 30597 | Orc:2    | Bought a scroll of teleportation for 42 gold pieces
 30597 | Orc:2    | Bought a scroll of blinking for 105 gold pieces
 31050 | Elf:1    | Entered Level 1 of the Elven Halls
 31092 | Elf:1    | Reached skill level 5 in Evocations
 31138 | Elf:1    | Received a gift from Okawaru
 31627 | Elf:1    | Noticed Asterion
 31645 | Elf:1    | Killed Asterion
 32561 | Elf:2    | Identified a scroll of acquirement
 32580 | Elf:2    | Got a scorched scale mail
 32581 | Elf:2    | Identified the +6 scale mail of Wonder {rF++ rC++ Int-5} (You found it on level 2 of the Elven Halls)
 32928 | Elf:2    | Found a magical portal.
 32933 | WizLab   | Entered Cigotuvi's Fleshworks
 33148 | WizLab   | Received a gift from Okawaru
 33151 | WizLab   | Got a scorched triple sword {god gift}
 33154 | WizLab   | Identified the +8 triple sword of Chance {slice, rF+ Int+2} (Okawaru gifted it to you in a wizard's laboratory)
 33183 | WizLab   | Paralysed by a giant eyeball for 3 turns
 33189 | WizLab   | Paralysed by a giant eyeball for 3 turns
 33203 | WizLab   | Paralysed by a giant eyeball for 2 turns
 33214 | WizLab   | Paralysed by a giant eyeball for 2 turns
 33382 | WizLab   | Got a translucent steel ring
 33384 | WizLab   | Identified the ring "Saeskos" {rN+ MP-9 Slay+2 Stlth+} (You found it in a wizard's laboratory)
 34106 | WizLab   | Noticed Cigotuvi's Monster
 34121 | WizLab   | Killed Cigotuvi's Monster
 34121 | WizLab   | Received a gift from Okawaru
 34121 | WizLab   | Reached XP level 17. HP: 145/152 MP: 7/22
 34131 | WizLab   | Identified the Reference Book on Transmutation and Earth
 34133 | WizLab   | Identified the Catalogue of Dusty Transformation
 34135 | WizLab   | Identified Cigotuvi's Guide on Dark Transformation
 34556 | Elf:2    | Found a large runed door.
 34556 | Elf:2    | Found a large runed door.
 34581 | Elf:2    | Found a large runed door.
 34581 | Elf:2    | Found a large runed door.
 34925 | Elf:2    | Learned a level 3 spell: Regeneration
 35163 | Snake:1  | Entered Level 1 of the Snake Pit
 35271 | Snake:1  | Found Inischyn's Assorted Antiques.
 35286 | Snake:1  | Bought a scratched marble ring for 200 gold pieces
 35286 | Snake:1  | Bought a papyrus manual for 600 gold pieces
 35290 | Snake:1  | Bought a scroll of blinking for 300 gold pieces
 35547 | Snake:1  | Reached skill level 15 in Fighting
 36169 | Snake:2  | Got an iridescent scimitar
 36170 | Snake:2  | Identified the cursed +1 scimitar "Jehiasaw" {slice, +Inv MP+9 Dex+3} (You found it on level 2 of the Snake Pit)
 38209 | Snake:3  | Received a gift from Okawaru
 38392 | Snake:3  | Got an ancient triple sword {god gift}
 38393 | Snake:3  | Identified the +2 triple sword "Hydraslayer" {flame, +Inv rC+ Dex-2} (Okawaru gifted it to you on level 3 of the Snake Pit)
 38548 | Snake:4  | Entered Level 4 of the Snake Pit
 38553 | Snake:4  | Noticed Agnes
 38733 | Snake:4  | Killed Agnes
 39006 | Snake:4  | Received a gift from Okawaru
 39020 | Snake:4  | Got a faintly glowing great sword {god gift}
 39028 | Snake:4  | Identified the +11 great sword of Ravage {venom, rC+ MR+} (Okawaru gifted it to you on level 4 of the Snake Pit)
 39081 | Snake:4  | Reached XP level 18. HP: 103/179 MP: 14/23
 39657 | Snake:4  | Noticed Aizul
 39666 | Snake:4  | Killed Aizul
 39810 | Snake:4  | Reached skill level 21 in Fighting
 40324 | Snake:4  | Received a gift from Okawaru
 40816 | Snake:4  | Got a serpentine rune of Zot
 41802 | Shoals:1 | Entered Level 1 of the Shoals
 42114 | Shoals:1 | Reached skill level 22 in Fighting
 42315 | Shoals:1 | Received a gift from Okawaru
 43352 | Shoals:2 | Got a bloodstained scimitar
 43363 | Shoals:2 | Identified the +8 scimitar "Sotood Vime" {drain, rN+ Int-3 Dex+5} (You found it on level 2 of the Shoals)
 44475 | Shoals:3 | Reached XP level 19. HP: 112/193 MP: 15/24
 44979 | Shoals:4 | Entered Level 4 of the Shoals
 45155 | Shoals:4 | Noticed Ilsuiw
 46161 | Shoals:4 | Killed Ilsuiw
 46168 | Shoals:4 | Received a gift from Okawaru
 46558 | Shoals:4 | Noticed Kirke
 46819 | Shoals:4 | Killed Kirke
 47800 | Shoals:4 | Got a barnacled rune of Zot
 48386 | Vaults:1 | Entered Level 1 of the Vaults
 48399 | Vaults:1 | Received a gift from Okawaru
 49866 | Vaults:1 | Received a gift from Okawaru
 49973 | Vaults:2 | Reached skill level 23 in Long Blades
 50222 | Vaults:2 | Noticed Nikola
 50233 | Vaults:2 | Killed Nikola
 50264 | Vaults:1 | Reached XP level 20. HP: 114/202 MP: 14/25
 50743 | Vaults:2 | Received a gift from Okawaru
 50752 | Vaults:2 | Got a smoking cloak {god gift}
 50763 | Vaults:2 | Identified the -2 cloak of the New World {-Tele +Fly Str+2 Dex+5} (Okawaru gifted it to you on level 2 of the Vaults)
 51139 | Vaults:2 | Reached skill level 24 in Long Blades
 51991 | Vaults:3 | Found a flickering gateway to a bazaar.
 52012 | Vaults:3 | Reached skill level 15 in Dodging
 52041 | Bazaar   | Entered a bazaar
 52041 | Bazaar   | Found Vomile's General Store.
 52041 | Bazaar   | Found Osim's General Store.
 52041 | Bazaar   | Found Gypo's Jewellery Shoppe.
 52043 | Bazaar   | Found Widwat's Distillery.
 52043 | Bazaar   | Found Odaxtiph's Food Boutique.
 52076 | Bazaar   | Bought a potion of curing for 57 gold pieces
 52076 | Bazaar   | Bought a scroll of teleportation for 57 gold pieces
 52076 | Bazaar   | Bought a potion of curing for 57 gold pieces
 52084 | Bazaar   | Bought a potion of curing for 36 gold pieces
 52084 | Bazaar   | Bought a potion of curing for 36 gold pieces
 52084 | Bazaar   | Bought a potion of mutation for 30 gold pieces
 52084 | Bazaar   | Bought a potion of curing for 36 gold pieces
 52084 | Bazaar   | Bought a potion of cure mutation for 300 gold pieces
 52084 | Bazaar   | Bought a potion of heal wounds for 60 gold pieces
 52084 | Bazaar   | Bought a potion of curing for 36 gold pieces
 52084 | Bazaar   | Bought a potion of berserk rage for 60 gold pieces
 52084 | Bazaar   | Bought a potion of heal wounds for 60 gold pieces
 52084 | Bazaar   | Bought a potion of curing for 36 gold pieces
 52084 | Bazaar   | Bought a potion of mutation for 30 gold pieces
 52084 | Bazaar   | Bought a potion of heal wounds for 60 gold pieces
 52084 | Bazaar   | Bought a potion of curing for 36 gold pieces
 52118 | Vaults:3 | Found a staircase to the Crypt.
 52152 | Vaults:3 | Found Qanocuw's General Store.
 52163 | Vaults:3 | Bought a potion of curing for 57 gold pieces
 52163 | Vaults:3 | Bought a scroll of teleportation for 57 gold pieces
 52806 | Vaults:3 | Got an ancient plate armour
 52807 | Vaults:3 | Identified the cursed +1 plate armour "Veubiahoe" {rF+++ MR+ Str-3 Dex-4} (You found it on level 3 of the Vaults)
 53339 | Vaults:3 | Received a gift from Okawaru
 54115 | Vaults:4 | Reached XP level 21. HP: 127/209 MP: 17/26
 54773 | Vaults:4 | Paralysed by an eldritch tentacle for 7 turns
 55088 | Vaults:4 | Received a gift from Okawaru
 55099 | Vaults:4 | Got a pair of shimmering boots {god gift}
 55110 | Vaults:4 | Identified the +0 pair of boots "Heusk" {MR+} (Okawaru gifted it to you on level 4 of the Vaults)
 55410 | Vaults:5 | Entered Level 5 of the Vaults
 55414 | Vaults:5 | Found Esuybam's Armour Boutique.
 55426 | Vaults:5 | Noticed Boris
 55436 | Vaults:5 | Killed Boris
 55696 | Vaults:5 | Noticed Frederick
 55717 | Vaults:5 | Killed Frederick
 55721 | Vaults:5 | Received a gift from Okawaru
 56280 | Vaults:5 | Noticed an ancient lich
 56287 | Vaults:5 | Reached XP level 22. HP: 76/217 MP: 12/27
 56292 | Vaults:5 | Killed an ancient lich
 56536 | Vaults:5 | Reached skill level 1 in Charms
 56536 | Vaults:5 | Reached skill level 1 in Necromancy
 56731 | Vaults:5 | Received a gift from Okawaru
 57539 | Vaults:5 | Reached skill level 5 in Necromancy
 57793 | Vaults:5 | Got a coiled ivory ring
 57795 | Vaults:5 | Got a pitted bone ring
 57970 | Vaults:5 | Identified the ring "Joagh" {rElec rPois MR+ Stlth-} (You took it off a vault warden on level 5 of the Vaults)
 57974 | Vaults:5 | Identified the ring of Vihuofohy {SustAt *Corrode +Blink +Inv} (You took it off a yaktaur on level 5 of the Vaults)
 58007 | Vaults:5 | Got a ring of the Octopus King
 58009 | Vaults:5 | Identified a ring of the Octopus King {rN+ AC+1 EV+1 Str+1 Int+1 Dex+1} (You found it on level 5 of the Vaults)
 58033 | Vaults:5 | Got a vibrating ruby amulet
 58042 | Vaults:5 | Reached skill level 5 in Charms
 58055 | Vaults:5 | Identified the Tome of Execration
 58078 | Vaults:5 | Identified the amulet "Sedwuk" {-Tele +Rage +Fly Str+4} (You took it off an ironbrand convoker on level 5 of the Vaults)
 58086 | Vaults:5 | Identified the Compendium of Self-Improvement (You found it on level 5 of the Vaults)
 58103 | Vaults:5 | Learned a level 2 spell: Song of Slaying
 58173 | Vaults:5 | Got a silver rune of Zot
 58800 | Lair:2   | Gained mutation: You are robust (+10% HP). [potion of mutation]
 58800 | Lair:2   | Gained mutation: You possess an exceptional clarity of mind. [potion of mutation]
 58800 | Lair:2   | Gained mutation: Scrolls take you a little longer to read. [potion of mutation]
 58801 | Lair:2   | Gained mutation: You are dopey. (Int -2) [potion of mutation]
 58801 | Lair:2   | Gained mutation: You tend to lose your temper in combat. [potion of mutation]
 58801 | Lair:2   | Lost mutation: You are robust (+10% HP). [potion of mutation]
 58802 | Lair:2   | Gained mutation: You are resistant to hostile enchantments. [potion of mutation]
 58802 | Lair:2   | Lost mutation: You are dopey. (Int -2) [potion of mutation]
 58803 | Lair:2   | Gained mutation: You are frail (-10% HP). [potion of mutation]
 58803 | Lair:2   | Lost mutation: You possess an exceptional clarity of mind. [potion of mutation]
 58803 | Lair:2   | Gained mutation: You possess an exceptional clarity of mind. [potion of mutation]
 58804 | Lair:2   | Lost mutation: You are frail (-10% HP). [potion of mutation]
 58804 | Lair:2   | Gained mutation: You regenerate slowly when monsters are visible. [potion of mutation]
 58804 | Lair:2   | Gained mutation: You are surrounded by a mild repulsion field (EV +2). [potion of mutation]
 58805 | Lair:2   | Lost mutation: Scrolls take you a little longer to read. [potion of mutation]
 58805 | Lair:2   | Gained mutation: You are weak. (Str -2) [potion of mutation]
 58805 | Lair:2   | Gained mutation: Your magical capacity is low (-10% MP). [potion of mutation]
 58806 | Lair:2   | Gained mutation: Your spells are a little harder to cast, but a little more powerful. [potion of mutation]
 58807 | Lair:2   | Gained mutation: You are frail (-10% HP). [potion of mutation]
 58808 | Lair:2   | Gained mutation: Your mind is acute. (Int +2) [potion of mutation]
 58808 | Lair:2   | Lost mutation: You are frail (-10% HP). [potion of mutation]
 58808 | Lair:2   | Gained mutation: Armour fits poorly on your strangely shaped body. [potion of mutation]
 58809 | Lair:2   | Gained mutation: Your body sometimes deteriorates upon taking damage. [potion of mutation]
 58809 | Lair:2   | Gained mutation: Scrolls take you a little longer to read. [potion of mutation]
 58810 | Lair:2   | Lost mutation: Armour fits poorly on your strangely shaped body. [potion of mutation]
 58810 | Lair:2   | Gained mutation: You are partially covered in yellow scales (AC +2). [potion of mutation]
 58811 | Lair:2   | Lost mutation: You are weak. (Str -2) [potion of mutation]
 58811 | Lair:2   | Lost mutation: Your mind is acute. (Int +2) [potion of mutation]
 58812 | Lair:2   | Gained mutation: Your spells are harder to cast, but more powerful. [potion of mutation]
 58812 | Lair:2   | Gained mutation: You are mostly covered in yellow scales (AC +3). [potion of mutation]
 58813 | Lair:2   | Lost mutation: Your body sometimes deteriorates upon taking damage. [potion of mutation]
 58814 | Lair:2   | Lost mutation: Your spells are harder to cast, but more powerful. [potion of mutation]
 58814 | Lair:2   | Lost mutation: You are mostly covered in yellow scales (AC +3). [potion of mutation]
 58815 | Lair:2   | Gained mutation: You are robust (+10% HP). [potion of mutation]
 58815 | Lair:2   | Lost mutation: Your magical capacity is low (-10% MP). [potion of mutation]
 58819 | Lair:2   | Gained mutation: Your muscles are strong. (Str +2) [potion of beneficial mutation]
 58820 | Lair:2   | Gained mutation: You are covered in fur (AC +1). [potion of beneficial mutation]
 58821 | Lair:2   | Gained mutation: Your flesh is heat resistant. [potion of beneficial mutation]
 58822 | Lair:2   | Gained mutation: You are covered in thick fur (AC +2). [potion of beneficial mutation]
 59008 | Depths:1 | Entered Level 1 of the Depths
 59113 | Depths:1 | Received a gift from Okawaru
 59419 | Depths:1 | Found a runed gate.
 59430 | Depths:1 | Reached XP level 23. HP: 247/247 MP: 28/28
 59486 | Depths:1 | Got a polished plate armour
 59489 | Depths:1 | Identified the +6 plate armour "Wuivviw" {rC++ Dex+3} (You found it on level 1 of the Depths)
 59617 | Depths:1 | Found a gateway to Hell.
 59789 | Depths:1 | Found a runed gate.
 59790 | Depths:1 | Found a runed gate.
 60072 | Depths:2 | Received a gift from Okawaru
 60299 | Depths:2 | Found Izofif's Assorted Antiques.
 60307 | Depths:2 | Bought a potion of agility for 144 gold pieces
 60307 | Depths:2 | Bought a wand of teleportation for 432 gold pieces
 60307 | Depths:2 | Bought a potion of ambrosia for 288 gold pieces
 60307 | Depths:2 | Bought 2 potions of agility for 288 gold pieces
 60307 | Depths:2 | Bought 2 potions of ambrosia for 576 gold pieces
 60307 | Depths:2 | Bought a potion of berserk rage for 180 gold pieces
 60757 | Depths:2 | Received a gift from Okawaru
 60908 | Depths:2 | Reached skill level 1 in Spellcasting
 61027 | Depths:2 | Got an ancient cloak
 61042 | Depths:2 | Identified the +2 cloak "Ykluf" {rPois} (You found it on level 2 of the Depths)
 61237 | Depths:3 | Found a one-way gate leading to the halls of Pandemonium.
 61387 | Depths:3 | Noticed a juggernaut
 61405 | Depths:3 | Killed a juggernaut
 62260 | Depths:3 | Reached XP level 24. HP: 256/256 MP: 28/28
 62284 | Depths:3 | Noticed an iron giant
 62308 | Depths:3 | Killed an iron giant
 62447 | Depths:3 | Received a gift from Okawaru
 62928 | Depths:3 | Noticed a juggernaut
 62939 | Depths:3 | Killed a juggernaut
 63210 | Depths:4 | Found a one-way gate to the infinite horrors of the Abyss.
 63332 | Depths:4 | Reached skill level 10 in Invocations
 63996 | Depths:4 | Noticed a juggernaut
 64003 | Depths:4 | Killed a juggernaut
 64003 | Depths:4 | Received a gift from Okawaru
 64382 | Depths:5 | Entered Level 5 of the Depths
 64576 | Depths:5 | Found a gateway to a ziggurat.
 64592 | Depths:5 | Reached XP level 25. HP: 205/267 MP: 31/31
 64593 | Depths:5 | Found a gate to the Realm of Zot.
 65323 | Zot:1    | Entered Level 1 of the Realm of Zot
 65453 | Zot:2    | Received a gift from Okawaru
 65691 | Zot:5    | Entered Level 5 of the Realm of Zot
 65768 | Zot:5    | Noticed an orb of fire
 65775 | Zot:5    | Killed an orb of fire
 65957 | Zot:5    | Noticed an ancient lich
 65974 | Zot:5    | Killed an ancient lich
 65977 | Zot:5    | Noticed an ancient lich
 65983 | Zot:5    | Noticed an orb of fire
 65988 | Zot:5    | Gained mutation: You are dopey. (Int -2) [an orb of fire]
 65993 | Zot:5    | Killed an ancient lich
 65995 | Zot:5    | Lost mutation: You are robust (+10% HP). [an orb of fire]
 66003 | Zot:5    | Noticed an orb of fire
 66007 | Zot:5    | Killed an orb of fire
 66012 | Zot:5    | Gained mutation: You are clumsy. (Dex -2) [an orb of fire]
 66016 | Zot:5    | Noticed an ancient lich
 66022 | Zot:5    | Noticed an ancient lich
 66031 | Zot:5    | Killed an orb of fire
 66031 | Zot:5    | Reached skill level 25 in Armour
 66031 | Zot:5    | Reached XP level 26. HP: 168/250 MP: 32/32
 66036 | Zot:5    | Killed an ancient lich
 66036 | Zot:5    | Received a gift from Okawaru
 66040 | Zot:5    | Killed an ancient lich
 66291 | Zot:5    | Got the Orb of Zot
 66433 | Zot:2    | Received a gift from Okawaru
 66439 | Zot:2    | Got a translucent ring mail {god gift}
 66442 | Zot:2    | Identified the +8 ring mail of Diotiwke {rF+ Dex+4} (Okawaru gifted it to you on level 2 of the Realm of Zot)
 66498 | Depths:5 | Noticed a seraph
 66603 | Depths:1 | Noticed Lurymot the pandemonium lord
 66615 | Depths:1 | Killed Lurymot the pandemonium lord
 66630 | Depths:1 | Noticed Ohuoraff the pandemonium lord
 66647 | Depths:1 | Killed Ohuoraff the pandemonium lord
 66828 | D:7      | Reached skill level 10 in Necromancy
 66959 | D:1      | Noticed Rouwum the pandemonium lord
 66968 | D:1      | Killed Rouwum the pandemonium lord
 66968 | D:1      | Reached skill level 10 in Charms
 67020 | D:$      | Escaped with the Orb!

Vault maps used:
D:1:      dpeg_arrival_solitude
D:2:      okawaru_ov_weapons_minmay, st_stairs_4
D:3:      serial_park_tiny_pond, kennysheep_flooded_box, item_on_display_a
D:4:      minitemple, roderic_aztec_sauvastika, uniq_crazy_yiuf_cottage
D:5:      makhleb_altar_promises_db, minmay_temple_entry_poolview, first_bread,
          uniq_grinder, uniq_blork_the_orc
D:6:      corexii_shantytown, fedhas_bush_and_centaur_altar
D:7:      kennysheep_generic_room_3
D:8:      nicolae_ru_awakened_eye, serial_shops, nicolae_shop_waterfront,
          grunt_pizzeria, hangedman_minor_gate_pass, uniq_grum
D:9:      water_maze_lemuel, uniq_maurice, uniq_gastronok
D:10:     lemuel_slime, due_lair_maze_entry_diamond, orc_david_3, basic_altar,
          serial_ice, serial_ice_b, serial_ice_c, serial_ice_g, serial_ice_k,
          serial_ice_o, serial_ice_n, serial_ice_d, serial_ice_a, uniq_sonja
D:12:     elyvilon_altar_3
D:13:     david_vaults_1, uniq_snorg, uniq_frances
D:14:     serial_bayou_lagoon_a
D:15:     gammafunk_depths_entry_grave, roderic_roman_lattice,
          nicolae_two_hexagons
Lair:1:   nicolae_quartered_pool_super
Lair:2:   st_stairs_12, minivault_11, minivault_27, beast_lair_carwin_10
Lair:3:   basic_altar, serial_bayou_pond_a, roderic_lost_polar_bear,
          bh_autumn_forest_stairs
Lair:4:   lemuel_fruit_fields, lemuel_fruit_fields, grunt_megastairs_5,
          uniq_maud
Lair:5:   elwin_shoals_entry_stream, minmay_snake_entry_six_corridors,
          infiniplex_staircase_pool_2, serial_bayou_shore_a, lemuel_fruit_tree
Lair:6:   minmay_slime_entry_oklob_open, lemuel_fruit_fields,
          infiniplex_staircase_pool
Lair:7:   gammafunk_lair_bear_cave, serial_bayou_crossing
Lair:8:   hangedman_lair_caniforms_friends, hangedman_lair_tendril_chambers,
          serial_bayou_pond_a, st_stairs_8, ice2_lemuel
Shoals:2: nicolae_shoals_seven_spires
Shoals:4: shoals_end_hangedman, shoal_ilsuiw, uniq_kirke
Snake:1:  special_room, serial_shops, shop
Snake:4:  grunt_snake_rune_pools, grunt_ministairs_8, basic_stair_grate_trap,
          uniq_agnes, uniq_aizul
Orc:2:    kennysheep_orc_mage_school
Elf:1:    minmay_elf_crystal_hexagon, uniq_asterion
Elf:2:    infiniplex_enter_wizlab_spiral, st_stairs_5
Vaults:1: v_misc_19, nicolae_vaults_alarming, hangedman_vaults_stream,
          ontoclasm_vaults_ring_small, vaults_dpeg_diagonal,
          ontoclasm_vaults_pinch, vaults_room_semicircle, v_misc_24,
          grunt_vaults_funnel, grunt_vaults_twisty
Vaults:2: hangedman_vaults_stretched_pinwheel, nicolae_vaults_puzzle_piece,
          hangedman_vaults_cutoff, nicolae_vaults_c_with_doors,
          hangedman_vaults_stretched_pinwheel, v_misc_33, v_rooms_4,
          vaults_room_hallway, v_alt_pattern_6, uniq_nikola
Vaults:3: nicolae_vaults_little_ls, minmay_crypt_entry_simple_statues,
          vaults_room_fours, vaults_mumra_minichess_inversion, v_misc_26,
          hangedman_vaults_trim, hangedman_vaults_maws,
          vaults_room_mumra_shop_pool, nicolae_vaults_diagonal_hallway_8,
          serial_shops, bzr_entry_lakeside
Vaults:4: v_misc_1, v_misc_27, vaults_dpeg_encased_lava, vaults_dpeg_spiral,
          v_misc_29, v_misc_25, nicolae_vaults_murderbox, v_pattern_4,
          grunt_vaults_hallway_short, v_misc_2, vaults_room_semicircle
Vaults:5: uniq_frederick, uniq_boris
Depths:1: grunt_hell_entry_dis_mu, kennysheep_doodads,
          hangedman_abyss_or_decor_stabs, minmay_holes, pandoras_box_mu
Depths:2: dpeg_oklob_gauntlet, special_room, hell_entry, serial_bayou_ford_a,
          serial_shops, nicolae_shop_overgrown_old_shop
Depths:3: hangedman_pleasuredromes, serial_shops, pan_entry, hell_entry
Depths:4: wad_arrow_thing, hangedman_decor_riveting, pf_coc_iceberg,
          abyss_entry, minmay_staircase_windowed_large
Depths:5: grunt_crosshair, enter_ziggurat_c, hell_entry,
          hangedman_abyss_or_decor_stagger, roderic_whirl, grunt_megastairs_4
Zot:2:    grunt_megastairs_2
Zot:3:    stair_cage_line
Bazaar:   bazaar_minmay_generic_island
WizLab:   wizlab_cigotuvi

Action                   |  1- 3 |  4- 6 |  7- 9 | 10-12 | 13-15 | 16-18 | 19-21 | 22-24 | 25-27 || total
-------------------------+-------+-------+-------+-------+-------+-------+-------+-------+-------++-------
Melee: Long sword        |   101 |   147 |   379 |    52 |       |       |       |       |       ||   679
       Great sword       |       |       |       |   583 |  1287 |   270 |       |       |       ||  2140
       Rapier            |       |       |       |    22 |    40 |       |       |       |       ||    62
       Triple sword      |       |       |       |       |       |   888 |  1413 |  1352 |   480 ||  4133
 Cast: Regeneration      |       |       |       |       |       |       |       |    13 |    15 ||    28
       Song of Slaying   |       |       |       |       |       |       |       |    10 |     2 ||    12
Invok: Heroism           |       |       |     2 |     1 |       |     3 |     4 |       |     3 ||    13
       Finesse           |       |       |       |     1 |    11 |    19 |     9 |     8 |     7 ||    55
 Abil: Evoke Flight      |       |       |       |       |     2 |       |       |       |       ||     2
Evoke: Wand              |       |       |     9 |     5 |     5 |       |     4 |       |     2 ||    25
  Use: Scroll            |       |     7 |     5 |    21 |     5 |    11 |    10 |     7 |     6 ||    72
       Potion            |       |       |       |     3 |       |       |     6 |    22 |       ||    31
 Stab: Distracted        |       |       |       |       |     2 |       |     3 |       |       ||     5
       Sleeping          |       |       |       |       |       |     4 |     5 |       |       ||     9
  Eat: Chunk             |     2 |     8 |    14 |    23 |    33 |    28 |    31 |    33 |     6 ||   178
       Meat ration       |       |       |       |     2 |     1 |     3 |     2 |       |     2 ||    10
       Bread ration      |       |       |       |       |     1 |       |       |       |       ||     1
       Fruit             |       |       |       |       |     1 |       |       |       |       ||     1
       Royal jelly       |       |       |       |       |       |     2 |       |       |       ||     2
